 Dungeon Crawl Stone Soup version 0.25-a0-975-gcae8493d64 (webtiles) character file.

Game seed: 15243243059538837362, levelgen mode: deterministic

436 MisterFreud the Slasher (level 7, -12/48 HPs)
             Began as an Octopode Gladiator on May 9, 2020.
             Was an Initiate of Cheibriados.
             Mangled by a two-headed ogre
             ... wielding a +0 giant club
              (20 damage)
             ... on level 6 of the Dungeon.
             The game lasted 00:07:05 (5084 turns).

MisterFreud the Slasher (Octopode Gladiator)        Turns: 5084, Time: 00:07:06

Health: -12/48     AC:  2    Str: 17    XL:     7   Next: 1%
Magic:  7/7        EV: 15    Int: 13    God:    Cheibriados [......]
Gold:   39         SH:  0    Dex: 17    Spells: 6/6 levels left

rFire    + . .     SeeInvis .   r - +1 hand axe of Erohiuta {freeze, rPois rF+ Dex+3} (curse)
rCold    . . .     Gourm    .   (no shield)
rNeg     . . .     Faith    .   b - +1 hat
rPois    +         Spirit   .   C - amulet of harm
rElec    .         Reflect  .   z - +2 ring of strength
rCorr    .         Harm     +   (no ring)
MR       .....                  (no ring)
Stlth    +++.......             (no ring)
HPRegen  0.16/turn              (no ring)
MPRegen  0.10/turn              (no ring)
                                (no ring)
                                (no ring)

@: very slow
A: almost no armour, stealthy swim, amphibious, 8 rings, constrict 8, camouflage
1, gelatinous body 1
a: Bend Time, Renounce Religion


You were on level 6 of the Dungeon.
You worshipped Cheibriados.
Cheibriados was noncommittal.
You were hungry.

You visited 2 branches of the dungeon, and saw 7 of its levels.

You collected 187 gold pieces.
You spent 148 gold pieces at shops.

Inventory:

Hand Weapons
 a - a +1 long sword
 r - the cursed +1 hand axe of Erohiuta (weapon) {freeze, rPois rF+ Dex+3}
   (You found it on level 4 of the Dungeon)

   It has been specially enchanted to freeze those struck by it, causing extra
   injury to most foes and up to half again as much damage against particularly
   susceptible opponents.
   It can also slow down cold-blooded creatures.
   It affects your dexterity (+3).
   It protects you from fire.
   It protects you from poison.
   It has a curse placed upon it.
Missiles
 c - 3 throwing nets (quivered)
 f - 7 atropa-tipped darts
 i - 58 bolts
 k - 166 stones
 n - 15 sling bullets
 o - 25 poisoned darts
 p - 80 arrows
 y - 2 boomerangs
Armour
 b - a +1 hat (worn)
Jewellery
 z - a +2 ring of strength (left tentacle)
 C - an amulet of harm (around mantle)
Wands
 v - a wand of acid (9)
 x - a wand of digging (3)
Scrolls
 j - a scroll of fear
 m - 7 scrolls of teleportation
 u - a scroll of magic mapping
 B - a scroll of identify
Potions
 e - 4 potions of curing
 g - 2 potions of might
 h - 3 potions of lignification
 l - a potion of mutation
 q - 3 potions of heal wounds
 s - a potion of cancellation
 t - a potion of magic
 w - a potion of stabbing
 A - a potion of ambrosia {unknown}
 E - a potion of degeneration {unknown}
Comestibles
 d - 15 rations
 D - 7 chunks of flesh


   Skills:
 - Level 4.0 Fighting
 - Level 6.0 Long Blades
 - Level 2.0 Throwing
 + Level 4.3 Dodging


You had 6 spell levels left.
You didn't know any spells.
Your spell library was empty.

Dungeon Overview and Level Annotations

Branches:
Dungeon (6/15)             Temple (1/1) D:5

Altars:
Ashenzari
Cheibriados
Gozag
Kikubaaqudgha
Nemelex Xobeh
Okawaru
Qazlal
Trog
Uskayaw
Vehumet
Xom
Zin
The Shining One

Shops:
D:6 !*[


Innate Abilities, Weirdness & Mutations

You cannot wear most types of armour.
You are very stealthy in the water. (Stealth+)
You are amphibious.
You can wear up to eight rings at the same time.
You can use your tentacles to constrict eight enemies at once.
Your skin changes colour to match your surroundings (Stealth+).
Your rubbery body absorbs attacks. (AC +1, EV +1)


Message History

You hit the two-headed ogre but do no damage.
Your squeeze misses the two-headed ogre.
The two-headed ogre is lightly wounded.
The two-headed ogre hits you with a +0 giant club!!
The two-headed ogre hits you with a +0 giant club!
* * * LOW HITPOINT WARNING * * *
Unknown command.
Evoke which item? (* to show all) (? for menu, Esc to quit)
Aiming: Corrosive Bolt
Press: ? - help, Shift-Dir - straight line, f - two-headed ogre
Aim: a two-headed ogre, wielding two +0 giant clubs (lightly wounded)
The bolt of acid hits the two-headed ogre!
The two-headed ogre is splashed with acid.
The acid corrodes the two-headed ogre!
The two-headed ogre is moderately wounded.
The two-headed ogre completely misses you.
The two-headed ogre hits you with a +0 giant club.
* * * LOW HITPOINT WARNING * * *
The two-headed ogre hits you with a +0 giant club!
You die...

##.#
###############
...#
#..........@O.#
####
#.####..#####.#
#.####[.#####.#
#.#....../.##.#
#.#.##..##.##.#
##.#.##..##.##.#
#..............%
#.#############.
#####.# .


You could see a two-headed ogre (corroded).

Vanquished Creatures
  2 crimson imps
  An orc priest (D:4)
  A jelly (D:5)
  2 iguanas
  An orc wizard (D:4)
  A gnoll (D:1)
  9 adders
  A shadow imp (D:6)
  2 worms (D:4)
  2 dart slugs (D:4)
  4 leopard geckos
  24 orcs
  2 ball pythons
  7 giant cockroaches
  7 goblins
  7 hobgoblins
  3 jackals (D:2)
  8 kobolds
  5 quokkas
  6 bats
  6 frilled lizards
  5 rats
106 creatures vanquished.

Notes
Turn   | Place    | Note
-------+----------+-------------------------------------------
     0 | D:1      | MisterFreud the Octopode Gladiator began the quest for the
                  | Orb.
     0 | D:1      | Reached XP level 1. HP: 14/14 MP: 1/1
   199 | D:1      | Reached XP level 2. HP: 20/20 MP: 2/2
   535 | D:1      | Reached XP level 3. HP: 26/26 MP: 3/3
  1206 | D:2      | Reached XP level 4. HP: 14/33 MP: 4/4
  1432 | D:2      | You fall into a shaft and drop 2 floors!
  1432 | D:4      | Found a shattered altar of Ashenzari.
  1513 | D:4      | Got a brightly glowing hand axe
  1514 | D:4      | Identified the cursed +1 hand axe of Erohiuta {freeze,
                  | rPois rF+ Dex+3} (You found it on level 4 of the Dungeon)
  1563 | D:4      | Reached skill level 4 in Long Blades
  1795 | D:3      | Reached XP level 5. HP: 33/37 MP: 5/5
  2474 | D:3      | Reached skill level 5 in Long Blades
  2515 | D:3      | Reached XP level 6. HP: 43/43 MP: 6/6
  2919 | D:4      | You fall into a shaft and drop 1 floor!
  2919 | D:5      | Entered Level 5 of the Dungeon
  3147 | D:4      | Found a glowing golden altar of the Shining One.
  3421 | D:4      | Reached skill level 6 in Long Blades
  3652 | D:4      | Found an opulent altar of Gozag.
  3652 | D:4      | Found a glowing silver altar of Zin.
  3656 | D:4      | Found a radiant altar of Vehumet.
  3657 | D:4      | Found a shimmering altar of Xom.
  4467 | D:5      | Found a staircase to the Ecumenical Temple.
  4475 | Temple   | Entered the Ecumenical Temple
  4485 | Temple   | Became a worshipper of Cheibriados the Contemplative
  4780 | D:6      | Found Ruyf's Antique Armour Boutique.
  4812 | D:6      | Found Qeamalu's General Store.
  4824 | D:6      | Bought a scroll of teleportation for 39 gold pieces
  4824 | D:6      | Bought a scroll of teleportation for 39 gold pieces
  4840 | D:6      | Found Wooliczu's Distillery.
  4850 | D:6      | Bought a potion of heal wounds for 70 gold pieces
  4966 | D:6      | Reached XP level 7. HP: 39/48 MP: 7/7
  5043 | D:6      | Found the +4 Cigotuvi's embrace {rRot *Drain rN+}
  5043 | D:6      | Noticed a two-headed ogre
  5084 | D:6      | Mangled by a two-headed ogre

Illustrated notes

Levels and vault maps discovered:
D:1:      lightli_arrival_statuegarden, layout_basic,
          minmay_misc_feat_nine_boxes, st_stairs_14, minmay_octomino_e4
D:2:      layout_rooms, serial_forest, infiniplex_forest_lined_room_3,
          infiniplex_forest_clump_long, infiniplex_forest_diagonal,
          infiniplex_forest_lined_1, infiniplex_forest_end_1,
          infiniplex_forest_lined_2, infiniplex_forest_lined_room_2,
          infiniplex_forest_clump_curved, infiniplex_forest_zigzag_1
D:3:      layout_loops_ring
D:4:      layout_gridville, tso_metal_star, cheibrodos_ashenzari_chains,
          minitemple, first_ration, grunt_ministairs_10
D:5:      layout_cave_pods, minmay_temple_entry_overgrown,
          kennysheep_generic_room_5
D:6:      layout_loops_cross, serial_shops, shop, nicolae_shop_waterfront, shop,
          shop, uniq_grinder
Temple:   eino_temple_rhombus

Skill      XL: |  1  2  3  4  5  6 |
---------------+-------------------+-----
Fighting       | 3 4 |  4.0
Long Blades    | 4 5 6 |  6.0
Dodging        | 4 |  4.3
Throwing       | |  2.0

Action                   |  1- 3 |  4- 6 |  7- 9 || total
-------------------------+-------+-------+-------++-------
Melee: Long sword        |    44 |    17 |       ||    61
       Constrict         |    10 |    36 |     1 ||    47
       Tentacles         |     5 |    39 |     1 ||    45
       Hand axe          |       |   134 |     5 ||   139
Evoke: Wand              |       |       |     1 ||     1
  Use: Scroll            |       |    17 |       ||    17
 Stab: Sleeping          |     3 |     9 |       ||    12
  Eat: Chunk             |       |    13 |       ||    13
Armor: Skin              |     2 |     9 |       ||    11
Dodge: Dodged            |    44 |   105 |     5 ||   154
       Rpst.: Long sword |    15 |     5 |       ||    20

Table legend:
 A = Non-vault XP
 B = Vault XP
 C = Vault XP percentage of total XP
 D = Non-vault monster count
 E = Vault monster count
 F = Vault count percentage of total count
                 A         B        C        D         E       F
            +---------+---------+-------+---------+---------+-------
      Total |     578 |      46 |   7.4 |      99 |       7 |   6.6
            +---------+---------+-------+---------+---------+-------
        D:1 |      41 |       7 |  14.6 |      18 |       4 |  18.2
        D:2 |      63 |       0 |   0.0 |      18 |       0 |   0.0
        D:3 |     186 |       0 |   0.0 |      22 |       0 |   0.0
        D:4 |     138 |      36 |  20.7 |      24 |       1 |   4.0
        D:5 |     119 |       3 |   2.5 |       9 |       2 |  18.2
        D:6 |      31 |       0 |   0.0 |       8 |       0 |   0.0
            +---------+---------+-------+---------+---------+-------
